 Dungeon Crawl Stone Soup version 0.31-b1-22-gc680215f68 (webtiles) character file.

Game seed: 9097709599742893747

18357 MacCMillion the Severer (level 12, -9/106 HPs)
             Began as a Minotaur Fighter on Jan 18, 2024.
             Was a High Priest of Okawaru.
             Mangled by Erica
             ... wielding a +2 scimitar of flaming
              (11 damage)
             ... on level 1 of the Lair of Beasts.
             The game lasted 00:31:24 (13560 turns).

MacCMillion the Severer (Minotaur Fighter)         Turns: 13560, Time: 00:31:24

Health: -9/106     AC: 23    Str: 25    XL:     12   Next: 27%
Magic:  0/11       EV:  4    Int:  5    God:    Okawaru [*****.]
Gold:   670        SH: 11    Dex: 11    Spells: 11/11 levels left

rFire   . . .        H - +1 broad axe (flame)
rCold   . . .        B - +0 kite shield
rNeg    . . .        J - +0 plate armour
rPois   .            (helmet restricted)
rElec   .            (no cloak)
rCorr   .            N - +0 pair of gloves
SInv    .            O - +2 pair of boots
Will    .....        v - amulet of guardian spirit Stlth
                     l - +4 ring of protection
HPRegen 0.37/turn    (no ring)
MPRegen 0.12/turn

%: guardian spirit
@: slowed, constricted, very slow
A: horns 2, retaliatory headbutt
a: Renounce Religion, Heroism, Finesse, Duel


You were on level 1 of the Lair of Beasts.
You worshipped Okawaru.
Okawaru was extremely pleased with you.
You visited 3 branches of the dungeon, and saw 13 of its levels.
You also visited: Sewer.

You collected 670 gold pieces.

Inventory:

Hand Weapons
 a - a +0 war axe
 w - a +3 war axe
 H - a +1 broad axe of flaming (weapon)
Missiles
 n - 16 boomerangs
 t - 21 poisoned darts (quivered)
 F - 3 silver javelins
Armour
 c - a +0 buckler
 h - a +0 chain mail
 B - a +0 kite shield (worn)
 J - a +0 plate armour (worn)
 N - a +0 pair of gloves (worn)
 O - a +2 pair of boots (worn)
Jewellery
 l - a +4 ring of protection (left hand)
 v - an amulet of guardian spirit (around neck)
 C - a ring of ice
 R - a ring of wizardry
Wands
 b - a wand of flame (5)
 i - a wand of digging (5)
 y - a wand of light (5)
Scrolls
 f - a scroll of poison
 g - 3 scrolls of teleportation
 j - 2 scrolls of immolation
 p - 2 scrolls of vulnerability
 q - 3 scrolls of revelation {unknown}
 s - 2 scrolls of fear {unknown}
 D - 3 scrolls of amnesia {unknown}
 I - 2 scrolls of enchant armour {unknown}
 L - a scroll of noise
 M - a scroll of enchant weapon
 Q - a scroll of fog {unknown}
 T - a scroll of silence {unknown}
Potions
 d - 3 potions of might
 e - 6 potions of curing
 k - 3 potions of resistance
 m - 3 potions of enlightenment
 o - a potion of attraction {unknown}
 r - a potion of cancellation {unknown}
 u - 2 potions of magic
 x - 3 potions of invisibility
 z - 2 potions of mutation
 A - 2 potions of brilliance {unknown}
 E - 3 potions of lignification
 G - 3 potions of degeneration
 K - a potion of heal wounds {unknown}
 P - a potion of berserk rage {unknown}
 S - 2 potions of haste {unknown}


   Skills:
 + Level 10.0 Fighting
 * Level 17.7 Axes
 + Level 2.5 Throwing
 - Level 10.0 Armour
 + Level 2.0 Dodging
 + Level 10.0 Shields


You had 11 spell levels left.
You didn't know any spells.
Your spell library contained the following spells:

 Spells                   Type           Power      Damage    Failure   Level
 Slow                     Hex            0%         N/A       100%        1
 Ensorcelled Hibernation  Hex/Ice        0%         N/A       100%        2
 Scorch                   Fire           0%         2d5       100%        2
 Sublimation of Blood     Necr           0%         N/A       100%        2
 Confusing Touch          Hex            0%         N/A       100%        3
 Gell's Gravitas          Tloc           0%         N/A       100%        3
 Inner Flame              Hex/Fire       0%         N/A       100%        3
 Passwall                 Erth           0%         N/A       100%        3
 Sigil of Binding         Hex            0%         N/A       100%        3
 Swiftness                Air            0%         N/A       100%        3
 Teleport Other           Tloc           0%         N/A       100%        3
 Vampiric Draining        Necr           0%         2d6       100%        3
 Volatile Blastmotes      Fire/Tloc      0%         2d10      100%        3
 Flame Wave               Conj/Fire      0%         2d4       100%        4
 Fulminant Prism          Conj/Alch      0%         3d5       100%        4
 Iskenderun's Mystic Bla  Conj/Tloc      0%         2d3       100%        4
 Sticky Flame             Fire/Alch      0%         2d4       100%        4
 Vhi's Electric Charge    Tloc/Air       0%         N/A       100%        4
 Arcjolt                  Conj/Air       0%         1d10      100%        5
 Dispersal                Tloc           0%         N/A       100%        6
 Maxwell's Capacitive Co  Air            0%         ∞         100%        8
 Call Imp                 Summ           Unusable   N/A       N/A         2
 Summon Cactus Giant      Summ           Unusable   N/A       N/A         6
 Summon Hydra             Summ           Unusable   N/A       N/A         7

Dungeon Overview and Level Annotations

Branches:
Dungeon (11/15)            Temple (1/1) D:4            Lair (1/5) D:10
  Sewer (visited)
    Orc: D:9-12

Altars:
Ashenzari
Cheibriados
Dithmenos
Elyvilon
Fedhas
Gozag
Hepliaklqana
Kikubaaqudgha
Makhleb
Nemelex Xobeh
Okawaru
Qazlal
Ru
Sif Muna
Trog
Uskayaw
Vehumet
Wu Jian
Xom
Yredelemnul
Zin
The Shining One

Annotations:
D:11 Harold
Lair:1 2 transporters, Erica; schroeder's ghost, novice MiBe


Innate Abilities, Weirdness & Mutations

You have a pair of horns on your head.
You reflexively headbutt those who attack you in melee.


Message History

Something hits you.
* * * LOW HITPOINT WARNING * * *
Something burns you.
* * * LOW HITPOINT WARNING * * *
You are constricted.
You completely miss something. Your headbutt misses something.
You feel sick.
You are no longer poisoned.
Something hits you!
* * * LOW HITPOINT WARNING * * *
Something burns you.
* * * LOW HITPOINT WARNING * * *
You are constricted.
You completely miss something. Your headbutt misses something.
Something hits you.
* * * LOW HITPOINT WARNING * * *
Something burns you.
* * * LOW HITPOINT WARNING * * *
You are constricted.
* * * LOW HITPOINT WARNING * * *
Unknown command.
Okay, then.
You completely miss something. Something hits you!
* * * LOW HITPOINT WARNING * * *
Something burns you.
* * * LOW HITPOINT WARNING * * *
You are constricted.
You miss something. Your headbutt misses something.
You block something's attack.
You are constricted.
* * * LOW HITPOINT WARNING * * *
Unknown command.
Okay, then.
You closely miss something. Your headbutt misses something. Something hits you.
* * * LOW HITPOINT WARNING * * *
Something burns you.
You are constricted.
* * * LOW HITPOINT WARNING * * *
Unknown command.
You miss something. Something hits you but does no damage.
You are constricted.
Unknown command.
You closely miss something. Your headbutt misses something. Something hits you!
You die...

#.#..#.....#...........#...).....
#...#......#...........#...#.....
#.#....#.....#.........#####.....
..#..........#.#♣♣..............P
#.#....#.......#........P...P....
..#....#.#...#......P...........♣
..#..........#...#♣...P...P......
.........#...#...#♣.♣.P.......PP♣
...†.....#...#.#@...........♣....
...............#{#..#..♣.........
...............#....#.#..........
.............#.#.#.##.#.#...P....
.....>.......#.#....#.#.#...##...
....#..........#.#.##...#...##...
#...##.............##.......##...
#.......................P....#...
#........©............#.#...##...


There were no monsters in sight!

Vanquished Creatures
  Josephine (D:11)
  2 two-headed ogres
  A cyclops (D:8)
  3 cane toads (Lair:1)
  2 elephants (Lair:1)
  Joseph (D:9)
  A black mamba (Lair:1)
  Maggie (D:7)
  A gargoyle (D:11)
  A rime drake (D:10)
  A troll (D:10)
  3 red devils (D:9)
  3 polar bears
  Grinder (D:5)
  2 hornets
  7 blink frogs (Lair:1)
  2 vampires
  A spriggan (Lair:1)
  20 yaks
  2 wyverns
  4 wraiths (D:11)
  Eustachio (D:5)
  An acid dragon (D:11)
  A water moccasin (D:7)
  4 orc warriors
  A sky beast (D:6)
  Pargi (Sewer)
  2 black bears
  6 ice beasts
  3 ogres (D:6)
  A wolf (D:10)
  3 phantoms
  2 centaurs
  2 kobold brigands
  6 bullfrogs
  2 brain worms (Sewer)
  A gnoll sergeant (D:7)
  A weeping skull (D:3)
  5 scorpions
  14 wights
  3 killer bees
  5 howler monkeys (D:10)
  2 electric eels (D:10)
  4 crimson imps (D:11)
  2 jellies
  A gnoll bouda (D:6)
  2 orc priests
  3 hounds
  8 iguanas
  6 orc wizards
  6 adders
  12 gnolls
  A shadow imp (D:7)
  A white imp (D:5)
  2 dart slugs (D:5)
  7 ribbon worms
  18 orcs
  7 endoplasms
  4 giant cockroaches
  8 goblins
  3 hobgoblins
  3 jackals (D:2)
  11 kobolds
  2 quokkas
  6 ball pythons
  5 bats
  9 frilled lizards
  2 rats
  A spectral orc (D:3)
261 creatures vanquished.

Notes
Turn   | Place    | Note
-------+----------+-------------------------------------------
     0 | D:1      | MacCMillion the Minotaur Fighter began the quest for the
                  | Orb.
     0 | D:1      | Reached XP level 1. HP: 19/19 MP: 0/0
    66 | D:1      | Reached skill level 3 in Axes
   121 | D:1      | Reached XP level 2. HP: 26/26 MP: 1/1
   524 | D:2      | Reached skill level 4 in Axes
   613 | D:2      | Found a faded altar of an unknown god.
   625 | D:2      | Reached XP level 3. HP: 26/31 MP: 2/2
   917 | D:2      | Reached skill level 5 in Axes
   917 | D:2      | Reached XP level 4. HP: 21/39 MP: 3/3
  1272 | D:2      | Found a shimmering altar of Xom.
  1591 | D:3      | Reached skill level 6 in Axes
  2155 | D:3      | Reached XP level 5. HP: 41/45 MP: 4/4
  2248 | D:3      | Found a basalt altar of Yredelemnul.
  2257 | D:3      | Reached skill level 7 in Axes
  2561 | D:4      | Found an ancient bone altar of Kikubaaqudgha.
  2841 | D:4      | Noticed an orc warrior
  2916 | D:5      | Entered Level 5 of the Dungeon
  3073 | D:5      | Noticed Grinder
  3109 | D:5      | Noticed a black bear
  3121 | D:5      | Killed a black bear
  3122 | D:5      | Reached skill level 8 in Axes
  3122 | D:5      | Reached XP level 6. HP: 37/51 MP: 5/5
  3311 | D:6      | Reached skill level 9 in Axes
  3336 | D:6      | Reached XP level 7. HP: 49/57 MP: 6/6
  3467 | D:6      | Reached skill level 10 in Axes
  3518 | D:6      | Reached skill level 1 in Dodging
  3610 | D:6      | Found a glowing drain.
  3614 | Sewer    | Entered a sewer
  3710 | Sewer    | Reached XP level 8. HP: 62/67 MP: 5/7
  3755 | Sewer    | Noticed Pargi
  3764 | Sewer    | Killed Pargi
  3946 | D:6      | Reached skill level 5 in Fighting
  3946 | D:6      | Reached skill level 5 in Armour
  4230 | D:5      | Noticed Eustachio
  4252 | D:5      | Killed Eustachio
  4253 | D:5      | Reached skill level 11 in Axes
  4454 | D:5      | Found a snail-covered altar of Cheibriados.
  4587 | D:5      | Paralysed by Grinder for 2 turns
  4596 | D:5      | Killed Grinder
  5113 | D:4      | Reached XP level 9. HP: 58/78 MP: 5/8
  5338 | D:4      | Found a staircase to the Ecumenical Temple.
  5359 | Temple   | Entered the Ecumenical Temple
  5365 | Temple   | Became a worshipper of Warmaster Okawaru
  5665 | D:4      | Found an ornate altar of the Wu Jian Council.
  6002 | D:6      | Found a stormy altar of Qazlal.
  6254 | D:6      | Reached * piety under Okawaru
  6413 | D:6      | Reached skill level 12 in Axes
  6889 | D:6      | Found a stormy altar of Qazlal.
  6985 | D:7      | Found a glowing silver altar of Zin.
  7462 | D:7      | Noticed Maggie
  7483 | D:7      | Killed Maggie
  7484 | D:7      | Reached XP level 10. HP: 84/91 MP: 6/9
  7521 | D:7      | Reached ** piety under Okawaru
  8262 | D:8      | Reached skill level 13 in Axes
  8558 | D:8      | Found a broken altar of Ashenzari.
  8613 | D:8      | Noticed a cyclops
  8618 | D:8      | Killed a cyclops
  9152 | D:9      | Reached *** piety under Okawaru
  9159 | D:9      | Reached skill level 10 in Fighting
  9166 | D:9      | Reached skill level 5 in Shields
  9182 | D:9      | Reached skill level 10 in Armour
  9185 | D:9      | Reached skill level 14 in Axes
  9559 | D:9      | Noticed Joseph
  9567 | D:9      | Killed Joseph
  9567 | D:9      | Reached **** piety under Okawaru
  9696 | D:9      | Reached XP level 11. HP: 80/99 MP: 8/10
 10087 | D:10     | Entered Level 10 of the Dungeon
 10259 | D:9      | Reached skill level 15 in Axes
 10323 | D:10     | Reached ***** piety under Okawaru
 10327 | D:10     | Found a staircase to the Lair.
 10512 | D:10     | Noticed a two-headed ogre
 10533 | D:10     | Killed a two-headed ogre
 11054 | D:10     | Received a gift from Okawaru
 11055 | D:10     | Reached skill level 16 in Axes
 11126 | D:10     | Identified the +0 robe "Ifist" {*Corrode rPois rC+ rN+}
 11417 | D:11     | Noticed Josephine
 11429 | D:11     | Killed Josephine
 11681 | D:11     | Noticed a two-headed ogre
 11692 | D:11     | Killed a two-headed ogre
 12218 | D:11     | Reached skill level 17 in Axes
 12236 | D:11     | Noticed Harold
 12522 | Lair:1   | Entered Level 1 of the Lair of Beasts
 12667 | Lair:1   | Received a gift from Okawaru
 12696 | Lair:1   | Reached XP level 12. HP: 78/106 MP: 8/11
 12728 | Lair:1   | Reached skill level 1 in Throwing
 13158 | Lair:1   | Noticed a five-headed hydra
 13163 | Lair:1   | Noticed schroeder's ghost (novice MiBe)
 13179 | Lair:1   | Found a transporter.
 13184 | Lair:1   | Found a transporter.
 13390 | Lair:1   | Reached skill level 10 in Shields
 13494 | Lair:1   | Noticed Erica
 13557 | Lair:1   | HP: 4/106 [something (4)]
 13558 | Lair:1   | HP: 1/106 [something (2)]
 13560 | Lair:1   | Mangled by Erica

Illustrated notes

Levels and vault maps discovered:
D:1:      lordsloth_arrival_two_stooges, layout_basic
D:2:      minmay_door_path, layout_rooms, ebering_ecumenical_altar_rust,
          basic_altar
D:3:      minmay_wonky_spiral, layout_basic,
          yredelemnul_forgotten_temple_becter, serial_corexii_hall,
          corexii_hall_statues_s, corexii_hall_statues_s,
          chequers_hall_statues_y, corexii_hall_statues_i, nicolae_wormholes
D:4:      layout_layer_cave, mainiacjoe_overflow_surrounded_room,
          nzn_wu_jian_council_hall, minmay_temple_entry_slanted, minmay_cupped
D:5:      layout_loops_corners, mainiacjoe_overflow_brackets, uniq_eustachio,
          uniq_grinder
D:6:      layout_loops_ring, pf_just_have_faith,
          mainiacjoe_sewer_entry_somewhere_in_here_2
D:7:      layout_cave_pools, mainiacjoe_overflow_paths, minmay_between,
          uniq_maggie
D:8:      layout_rooms, mainiacjoe_overflow_catwalk
D:9:      layout_gridville, einodemon_armed_red_devil_minivault, uniq_joseph
D:10:     layout_rooms, hellmonk_lair_entry_icy, serial_bayou,
          serial_bayou_ford_a, serial_bayou_pond_e, serial_bayou_pond_d,
          serial_bayou_shore_b
D:11:     layout_irregular_city, nicolae_two_hexagons, minmay_fire_ice_demons,
          uniq_josephine, uniq_harold
Temple:   hellmonk_temple_two_chambers
Lair:1:   layout_long_grid, gammafunk_ghost_arena,
          grunt_forest_large_clearing_hut, uniq_erica

Skill      XL: |  1  2  3  4  5  6  7  8  9 10 11 12 |
---------------+-------------------------------------+-----
Axes           | 3 4 5 6 8 9 10 11 12 14 17 | 17.7
Dodging        | 2 |  2.0
Fighting       | 4 6 9 10 | 10.0
Armour         | 4 6 8 10 | 10.0
Shields        | 6 9 10 | 10.0
Throwing       | 2 |  2.5

Action                     |  1- 3 |  4- 6 |  7- 9 | 10-12 || total
---------------------------+-------+-------+-------+-------++-------
  Melee: War axe           |    57 |   106 |   255 |    62 ||   480
         Headbutt          |     8 |    20 |    47 |    81 ||   156
         Broad axe         |       |       |       |   325 ||   325
  Throw: Dart              |       |       |     9 |    12 ||    21
 Invoke: Heroism           |       |       |     1 |     1 ||     2
  Evoke: Wand              |       |       |       |     2 ||     2
    Use: Scroll            |       |       |    10 |     5 ||    15
 Armour: Scale mail        |     3 |       |       |       ||     3
         Chain mail        |    53 |    81 |   141 |    32 ||   307
         Plate armour      |       |       |       |   269 ||   269
  Dodge: Dodged            |    20 |    42 |    88 |   108 ||   258
  Block: Buckler           |     7 |    16 |    42 |    77 ||   142
         Kite shield       |       |       |       |     5 ||     5
